ITL
PORTLAND PRIVATEERS @ UTICA UNICORNS
07/01/2028
 
TOP OF THE 1ST
Portland Privateers batting - Pitching for Utica Unicorns : RHP Manuel González
Pitching: RHP Manuel González
Batting: SHB Patrick Larson 0-0: Called Strike
0-1: SINGLE (Line Drive, 56D)
Batting: RHB Joe Bailey 0-0: Called Strike
0-1: DOUBLE (Flyball, 8LXD)
Patrick Larson to third
Batting: RHB José Balina 0-0: Ground out 6-3 (Groundball, 6)
Patrick Larson scores
Batting: SHB Eric Pimentel 0-0: Ball
1-0: Foul Ball, location: 2F
1-1: Ball
2-1: Foul Ball, location: 2F
2-2: Foul Ball, location: 2F
2-2: Strikes out swinging
Batting: LHB Jeff Dorney 0-0: Called Strike
0-1: Ball
1-1: SINGLE (Flyball, 4MD)
Joe Bailey to third
Runner from 3rd tries for Home, SAFE, no throw
Batting: RHB Luis Pineda 0-0: Called Strike
0-1: Ball
1-1: Ball
Balk!
Jeff Dorney to second
2-1: Ball
3-1: Base on Balls
Batting: RHB Edward Holloway 0-0: Called Strike
0-1: Called Strike
0-2: Foul Ball, location: 2F
0-2: Ball
1-2: SINGLE (Line Drive, 89S)
Jeff Dorney to third
Luis Pineda to second
Runner from 3rd tries for Home, SAFE, no throw
Batting: LHB Pedro Padilla 0-0: Called Strike
0-1: Ball
1-1: Fly out, F9 (Flyball, 9LM)
Top of the 1st over - 3 run(s), 4 hit(s), 0 error(s), 2 left on base; Portland 3 - Utica 0
BOTTOM OF THE 1ST
Utica Unicorns batting - Pitching for Portland Privateers : RHP Héctor Negrón
Pitching: RHP Héctor Negrón
Batting: LHB Jesús Raugel 0-0: Ball
1-0: SINGLE (Line Drive, 34D)
Batting: RHB Danny Crouch 0-0: Ball
1-0: Reached on error, E3 (Popup, 3S)
Jesús Raugel to second
Batting: RHB Gerald Burnett 0-0: 3-RUN HOME RUN (Line Drive, 7LD), Distance : 346 ft
Batting: LHB Pedro Zaragoza 0-0: Ball
1-0: SINGLE (Flyball, 8RS)
Batting: LHB Mitchell Oglethorpe 0-0: Called Strike
0-1: Ball
1-1: Called Strike
1-2: Ball
2-2: Ball
3-2: Foul Ball, location: 2F
3-2: Grounds into double play, 4-6-3 (Groundball, 4)
Batting: RHB Mitsuoki Taguchi 0-0: Swinging Strike
0-1: Foul Ball, location: 2F
0-2: Foul Ball, location: 2F
0-2: Foul Ball, location: 2F
0-2: Foul Ball, location: 2F
0-2: Ball
1-2: Foul Ball, location: 2F
1-2: Ball
2-2: SOLO HOME RUN (Line Drive, 8RXD), Distance : 424 ft
Batting: LHB Bill Hall 0-0: Ground out 3-1 (Groundball, 34)
Bottom of the 1st over - 4 run(s), 4 hit(s), 1 error(s), 0 left on base; Portland 3 - Utica 4
TOP OF THE 2ND
Portland Privateers batting - Pitching for Utica Unicorns : RHP Manuel González
Batting: RHB Dave Nelson 0-0: Foul Ball, location: 2F
0-1: Ground out 6-3 (Groundball, 56)
Batting: SHB Patrick Larson 0-0: Called Strike
0-1: Called Strike
0-2: Strikes out swinging
Batting: RHB Joe Bailey 0-0: Ground out 4-3 (Groundball, 4)
Top of the 2nd over - 0 run(s), 0 hit(s), 0 error(s), 0 left on base; Portland 3 - Utica 4
BOTTOM OF THE 2ND
Utica Unicorns batting - Pitching for Portland Privateers : RHP Héctor Negrón
Batting: RHB Héctor Jiménez 0-0: Ball
1-0: Ground out 5-3 (Groundball, 5)
Batting: RHB Gustavo Rodríguez 0-0: Swinging Strike
0-1: Ball
1-1: Fly out, F7 (Flyball, 78XD)
Batting: LHB Jesús Raugel 0-0: Ball
1-0: Foul Ball, location: 2F
1-1: SINGLE (Groundball, 34D)
Batting: RHB Danny Crouch 0-0: Ball
1-0: Swinging Strike
1-1: Ball
2-1: Ball
3-1: SINGLE (Flyball, 8RS)
Jesús Raugel to second
Runner from 2nd tries for 3rd, OUT!
Bottom of the 2nd over - 0 run(s), 2 hit(s), 0 error(s), 1 left on base; Portland 3 - Utica 4
TOP OF THE 3RD
Portland Privateers batting - Pitching for Utica Unicorns : RHP Manuel González
Batting: RHB José Balina 0-0: Ball
1-0: Called Strike
1-1: Ball
2-1: Ball
3-1: Base on Balls
Batting: SHB Eric Pimentel 0-0: Ball
1-0: Ball
2-0: SINGLE (Groundball, 6D)
José Balina to second
Batting: LHB Jeff Dorney 0-0: Swinging Strike
0-1: Foul Ball, location: 2F
0-2: Ball
1-2: Foul Ball, location: 2F
1-2: Ball
2-2: Foul Ball, location: 2F
2-2: Strikes out looking
Batting: RHB Luis Pineda 0-0: Ball
1-0: Foul Ball, location: 2F
1-1: Called Strike
1-2: Ball
2-2: Ball
3-2: Base on Balls
José Balina to third
Eric Pimentel to second
Batting: RHB Edward Holloway 0-0: Ball
1-0: Swinging Strike
1-1: Swinging Strike
1-2: Strikes out looking
Batting: LHB Pedro Padilla 0-0: Ball
1-0: GRAND SLAM HOME RUN (Flyball, 7D), Distance : 389 ft
Batting: RHB Dave Nelson 0-0: Foul Ball, location: 2F
0-1: Called Strike
0-2: Ball
1-2: Foul Ball, location: 2F
1-2: Ground out 5-3 (Groundball, 56)
Top of the 3rd over - 4 run(s), 2 hit(s), 0 error(s), 0 left on base; Portland 7 - Utica 4
BOTTOM OF THE 3RD
Utica Unicorns batting - Pitching for Portland Privateers : RHP Héctor Negrón
Batting: RHB Gerald Burnett 0-0: Ball
1-0: Swinging Strike
1-1: DOUBLE (Flyball, 7D)
Batting: LHB Pedro Zaragoza 0-0: Ball
1-0: Fly out, F7 (Flyball, 78M)
Batting: LHB Mitchell Oglethorpe 0-0: Swinging Strike
0-1: Ball
1-1: Ball
2-1: Foul Ball, location: 2F
2-2: Strikes out swinging
Batting: RHB Mitsuoki Taguchi 0-0: Swinging Strike
0-1: SINGLE (Line Drive, 89M)
Gerald Burnett to third
Runner from 3rd tries for Home, SAFE, no throw
Batting: LHB Bill Hall 0-0: Ball
Mitsuoki Taguchi steals 2nd base
1-0: Called Strike
1-1: Ball
2-1: Ground out 4-3 (Groundball, 34)
Bottom of the 3rd over - 1 run(s), 2 hit(s), 0 error(s), 1 left on base; Portland 7 - Utica 5
TOP OF THE 4TH
Portland Privateers batting - Pitching for Utica Unicorns : RHP Manuel González
Pitching: LHP José Mercado
Batting: SHB Patrick Larson 0-0: Ball
1-0: Ball
2-0: Ball
3-0: Called Strike
3-1: Called Strike
3-2: Ground out 4-3 (Groundball, 4)
Batting: RHB Joe Bailey 0-0: Called Strike
0-1: Ground out 5-3 (Groundball, 5)
Batting: RHB José Balina 0-0: Called Strike
0-1: Ball
1-1: Ball
2-1: Foul Ball, location: 2F
2-2: SINGLE (Groundball, 34D)
Batting: SHB Eric Pimentel 0-0: Called Strike
0-1: Swinging Strike
0-2: Ball
1-2: Ball
2-2: SINGLE (Line Drive, 9S)
José Balina to second
Batting: LHB Jeff Dorney 0-0: SINGLE (Groundball, 5D)
José Balina to third
Eric Pimentel to second
Runner from 3rd tries for Home, SAFE, no throw
Batting: RHB Luis Pineda 0-0: Ball
1-0: Fly out, F8 (Flyball, 78D)
Top of the 4th over - 1 run(s), 3 hit(s), 0 error(s), 2 left on base; Portland 8 - Utica 5
BOTTOM OF THE 4TH
Utica Unicorns batting - Pitching for Portland Privateers : RHP Héctor Negrón
Batting: RHB Héctor Jiménez 0-0: Swinging Strike
0-1: Ball
1-1: Ball
2-1: Ball
3-1: Base on Balls
Pitching: RHP Sean Harden
Batting: RHB Gustavo Rodríguez 0-0: Ball
1-0: Reached on error, E5 (Groundball, 56S)
Héctor Jiménez to third
Batting: LHB Jesús Raugel 0-0: Foul Ball, location: 2F
0-1: Ball
1-1: DOUBLE (Line Drive, 78XD)
Héctor Jiménez scores
Gustavo Rodríguez scores
Batting: RHB Danny Crouch 0-0: Ball
1-0: Swinging Strike
1-1: Swinging Strike
1-2: Strikes out swinging
Batting: RHB Gerald Burnett 0-0: Ball
Jesús Raugel steals 3rd base
1-0: SINGLE (Line Drive, 7S)
Jesús Raugel scores
Batting: LHB Pedro Zaragoza 0-0: SINGLE (Line Drive, 56)
Gerald Burnett to second
Batting: LHB Mitchell Oglethorpe 0-0: Grounds into double play, 4-6-3 (Groundball, 4)
Bottom of the 4th over - 3 run(s), 3 hit(s), 1 error(s), 1 left on base; Portland 8 - Utica 8
TOP OF THE 5TH
Portland Privateers batting - Pitching for Utica Unicorns : LHP José Mercado
Batting: RHB Edward Holloway 0-0: Foul Ball, location: 2F
0-1: Ball
1-1: SINGLE (Groundball, 4MD)
Batting: LHB Pedro Padilla 0-0: Called Strike
0-1: Called Strike
0-2: Strikes out looking
Batting: RHB Dave Nelson 0-0: Ball
Edward Holloway is caught stealing 2nd base
1-0: Foul Ball, location: 2F
1-1: Ball
2-1: Ball
3-1: Called Strike
3-2: Strikes out swinging, 2-3 out at first.
Top of the 5th over - 0 run(s), 1 hit(s), 0 error(s), 0 left on base; Portland 8 - Utica 8
BOTTOM OF THE 5TH
Utica Unicorns batting - Pitching for Portland Privateers : RHP Sean Harden
Batting: RHB Mitsuoki Taguchi 0-0: Foul Ball, location: 2F
0-1: Called Strike
0-2: Ball
1-2: Ball
2-2: Strikes out swinging
Batting: LHB Bill Hall 0-0: Called Strike
0-1: Ball
1-1: Called Strike
1-2: Ball
2-2: Ball
3-2: Base on Balls
Batting: RHB Héctor Jiménez 0-0: Foul Ball, location: 2F
0-1: Ball
1-1: Fly out, F4 (Popup, 4)
Batting: RHB Gustavo Rodríguez Pickoff Throw to First - Out!
Bottom of the 5th over - 0 run(s), 0 hit(s), 0 error(s), 0 left on base; Portland 8 - Utica 8
TOP OF THE 6TH
Portland Privateers batting - Pitching for Utica Unicorns : LHP José Mercado
Batting: SHB Patrick Larson 0-0: Ball
1-0: SINGLE (Groundball, 56D)
Batting: RHB Joe Bailey 0-0: Foul Ball, location: 2F
0-1: Swinging Strike
0-2: Strikes out swinging
Batting: RHB José Balina 0-0: Ball
1-0: Ball
2-0: Ball
3-0: Called Strike
3-1: Base on Balls
Patrick Larson to second
Batting: SHB Eric Pimentel 0-0: Foul Ball, location: 2F
0-1: Foul Ball, location: 2F
0-2: Foul Ball, location: 2F
0-2: Grounds into double play, 4-6-3 (Groundball, 4)
Top of the 6th over - 0 run(s), 1 hit(s), 0 error(s), 1 left on base; Portland 8 - Utica 8
BOTTOM OF THE 6TH
Utica Unicorns batting - Pitching for Portland Privateers : RHP Sean Harden
Batting: RHB Gustavo Rodríguez 0-0: Ball
1-0: Ball
2-0: Called Strike
2-1: Ground out 6-3 (Groundball, 6)
Batting: LHB Jesús Raugel 0-0: Ball
1-0: Ball
2-0: Ball
3-0: Foul Ball, location: 2F
3-1: Called Strike
3-2: Strikes out swinging
Batting: RHB Danny Crouch 0-0: Called Strike
0-1: Ball
1-1: Foul Ball, location: 2F
1-2: Strikes out looking
Bottom of the 6th over - 0 run(s), 0 hit(s), 0 error(s), 0 left on base; Portland 8 - Utica 8
TOP OF THE 7TH
Portland Privateers batting - Pitching for Utica Unicorns : LHP José Mercado
Batting: LHB Jeff Dorney 0-0: Called Strike
0-1: Swinging Strike
0-2: Ball
1-2: Ball
2-2: Ball
3-2: Strikes out swinging
Batting: RHB Luis Pineda 0-0: Foul Ball, location: 2F
0-1: Ground out 4-3 (Groundball, 4)
Batting: RHB Edward Holloway 0-0: Foul Ball, location: 2F
0-1: Ball
1-1: Ball
2-1: Ball
3-1: Fly out, F1 (Line Drive, 13)
Top of the 7th over - 0 run(s), 0 hit(s), 0 error(s), 0 left on base; Portland 8 - Utica 8
BOTTOM OF THE 7TH
Utica Unicorns batting - Pitching for Portland Privateers : RHP Sean Harden
Pitching: LHP Jaime Ayala
Batting: RHB Gerald Burnett 0-0: Fly out, F7 (Flyball, 7S)
Batting: LHB Pedro Zaragoza 0-0: Swinging Strike
0-1: Called Strike
0-2: Ball
1-2: Ball
2-2: Strikes out looking
Batting: LHB Mitchell Oglethorpe 0-0: Called Strike
0-1: Ball
1-1: Ground out 6-3 (Groundball, 6)
Bottom of the 7th over - 0 run(s), 0 hit(s), 0 error(s), 0 left on base; Portland 8 - Utica 8
TOP OF THE 8TH
Portland Privateers batting - Pitching for Utica Unicorns : LHP José Mercado
Pinch Hitting: RHB Carlos Castro 0-0: SINGLE (Flyball, 89S)
Pitching: RHP Patrick Doyle
Pinch Runner at 1st Jorge Hernández:
Batting: RHB Dave Nelson 0-0: Ball
1-0: Ball
2-0: Reached on error, E5 (Groundball, 5S)
Jorge Hernández to third
Pinch Hitting: LHB Arturo López 0-0: Fly out, F5 (Popup, 5S)
Batting: RHB Joe Bailey 0-0: Ball
1-0: Ground out 4-3 (Groundball, 4M)
Batting: RHB José Balina 0-0: Foul Ball, location: 2F
0-1: Ground out 4-3 (Groundball, 4MS)
Top of the 8th over - 0 run(s), 1 hit(s), 1 error(s), 2 left on base; Portland 8 - Utica 8
BOTTOM OF THE 8TH
Utica Unicorns batting - Pitching for Portland Privateers : LHP Jaime Ayala
Now at 1B: Arturo López
Now at SS: Rodney Birling
Batting: RHB Mitsuoki Taguchi 0-0: Foul Ball, location: 2F
0-1: SINGLE (Groundball, 3D)
Batting: LHB Bill Hall 0-0: Bunted foul
0-1: Sac Bunt - play at first, batter OUT! 2-4
Mitsuoki Taguchi to second
Batting: RHB Héctor Jiménez 0-0: Ball
Mitsuoki Taguchi steals 3rd base
1-0: Ball
2-0: Ball
3-0: Called Strike
3-1: Base on Balls
Batting: RHB Gustavo Rodríguez 0-0: Ball
1-0: Called Strike
1-1: Fly out, F5 (Popup, 56)
Pinch Hitting: RHB Manny Ramírez 0-0: Ball
1-0: Called Strike
1-1: Fielders Choice at 2nd, 6-4 (Groundball, 6)
Bottom of the 8th over - 0 run(s), 1 hit(s), 0 error(s), 1 left on base; Portland 8 - Utica 8
TOP OF THE 9TH
Portland Privateers batting - Pitching for Utica Unicorns : RHP Patrick Doyle
Pitching: RHP Claudio Rivera
Now in CF: Manny Ramírez
Batting: SHB Eric Pimentel 0-0: Called Strike
0-1: Swinging Strike
0-2: Ball
1-2: Strikes out swinging
Batting: LHB Jeff Dorney 0-0: Called Strike
0-1: Foul Ball, location: 2F
0-2: Ball
1-2: Strikes out looking
Batting: RHB Luis Pineda 0-0: Ball
1-0: Foul Ball, location: 2F
1-1: Fly out, F8 (Line Drive, 8RD)
Top of the 9th over - 0 run(s), 0 hit(s), 0 error(s), 0 left on base; Portland 8 - Utica 8
BOTTOM OF THE 9TH
Utica Unicorns batting - Pitching for Portland Privateers : LHP Jaime Ayala
Batting: RHB Danny Crouch 0-0: Called Strike
0-1: Ball
1-1: Called Strike
1-2: Strikes out swinging
Batting: RHB Gerald Burnett 0-0: Called Strike
0-1: Fly out, F9 (Flyball, 9LS)
Batting: LHB Pedro Zaragoza 0-0: Called Strike
0-1: SINGLE (Line Drive, 6MD)
Batting: LHB Mitchell Oglethorpe 0-0: Called Strike
0-1: Swinging Strike
0-2: Fly out, F7 (Flyball, 7S)
Bottom of the 9th over - 0 run(s), 1 hit(s), 0 error(s), 1 left on base; Portland 8 - Utica 8
TOP OF THE 10TH
Portland Privateers batting - Pitching for Utica Unicorns : RHP Claudio Rivera
Batting: RHB Edward Holloway 0-0: Swinging Strike
0-1: Called Strike
0-2: Foul Ball, location: 2F
0-2: Ball
1-2: Strikes out swinging
Batting: SHB Rodney Birling 0-0: Ball
1-0: SINGLE (Groundball, 6M) (infield hit)
Batting: RHB Dave Nelson 0-0: Grounds into double play, 6-4-3 (Groundball, 6)
Top of the 10th over - 0 run(s), 1 hit(s), 0 error(s), 0 left on base; Portland 8 - Utica 8
BOTTOM OF THE 10TH
Utica Unicorns batting - Pitching for Portland Privateers : LHP Jaime Ayala
Batting: RHB Mitsuoki Taguchi 0-0: SINGLE (Flyball, 7LM)
Batting: LHB Bill Hall 0-0: Ball
1-0: Sac Bunt - play at first, batter OUT! 5-4
Mitsuoki Taguchi to second
Batting: RHB Héctor Jiménez 0-0: Ball
1-0: Ball
2-0: Called Strike
2-1: Foul Ball, location: 2F
2-2: Ball
3-2: Foul Ball, location: 2F
3-2: Ground out 2-3 (Groundball, 2L)
Mitsuoki Taguchi to third
Batting: RHB Gustavo Rodríguez 0-0: Called Strike
0-1: Ball
1-1: Foul Ball, location: 2F
1-2: Foul Ball, location: 2F
1-2: Fly out, F9 (Line Drive, 9D)
Bottom of the 10th over - 0 run(s), 1 hit(s), 0 error(s), 1 left on base; Portland 8 - Utica 8
TOP OF THE 11TH
Portland Privateers batting - Pitching for Utica Unicorns : RHP Claudio Rivera
Pitching: RHP Mario González
Batting: LHB Arturo López 0-0: Ball
1-0: Called Strike
1-1: Called Strike
1-2: Foul Ball, location: 2F
1-2: Foul Ball, location: 2F
1-2: Strikes out swinging
Pitching: RHP Pedro Hernández
Batting: RHB Joe Bailey 0-0: Ball
1-0: Ball
2-0: Ball
3-0: Called Strike
3-1: Foul Ball, location: 2F
3-2: Fly out, F4 (Line Drive, 4M)
Batting: RHB José Balina 0-0: Foul Ball, location: 2F
0-1: Foul Ball, location: 2F
0-2: Fly out, F9 (Flyball, 89D)
Top of the 11th over - 0 run(s), 0 hit(s), 0 error(s), 0 left on base; Portland 8 - Utica 8
BOTTOM OF THE 11TH
Utica Unicorns batting - Pitching for Portland Privateers : LHP Jaime Ayala
Pitching: RHP Ricardo Ontiveros
Batting: RHB Manny Ramírez 0-0: Ball
1-0: Fly out, F9 (Flyball, 9LSF)
Pinch Hitting: LHB Sixto Cantú 0-0: Ball
1-0: Ball
2-0: Called Strike
2-1: Ball
3-1: Foul Ball, location: 2F
3-2: Foul Ball, location: 2F
3-2: Ground out 6-3 (Groundball, 6)
Batting: RHB Gerald Burnett 0-0: Called Strike
0-1: Ball
1-1: Ball
2-1: Ball
3-1: Foul Ball, location: 2F
3-2: Strikes out swinging
Bottom of the 11th over - 0 run(s), 0 hit(s), 0 error(s), 0 left on base; Portland 8 - Utica 8
TOP OF THE 12TH
Portland Privateers batting - Pitching for Utica Unicorns : RHP Pedro Hernández
Now at 3B: Raúl Morales
Batting: SHB Eric Pimentel 0-0: Ball
1-0: Foul Ball, location: 2F
1-1: Ball
2-1: Foul Ball, location: 2F
2-2: Ball
3-2: Foul Ball, location: 2F
3-2: Strikes out looking
Batting: LHB Jeff Dorney 0-0: Called Strike
0-1: Ground out U3 (Groundball, 3L)
Batting: RHB Luis Pineda 0-0: Called Strike
0-1: Called Strike
0-2: Ball
1-2: Ball
2-2: Ball
3-2: Foul Ball, location: 2F
3-2: Base on Balls
Batting: RHB Edward Holloway 0-0: Ball
1-0: Called Strike
1-1: Swinging Strike
1-2: Ball
2-2: SINGLE (Line Drive, 6MD)
Luis Pineda to second
Batting: SHB Rodney Birling 0-0: Fly out, F9 (Flyball, 9S)
Top of the 12th over - 0 run(s), 1 hit(s), 0 error(s), 2 left on base; Portland 8 - Utica 8
BOTTOM OF THE 12TH
Utica Unicorns batting - Pitching for Portland Privateers : RHP Ricardo Ontiveros
Batting: LHB Pedro Zaragoza 0-0: Ground out 6-3 (Groundball, 6)
Batting: LHB Mitchell Oglethorpe 0-0: Called Strike
0-1: Ball
1-1: Ball
2-1: Ball
3-1: Called Strike
3-2: Foul Ball, location: 2F
3-2: Base on Balls
Batting: RHB Mitsuoki Taguchi 0-0: Ball
1-0: Ball
2-0: SINGLE (Groundball, 34)
Mitchell Oglethorpe to second
Runner from 2nd tries for 3rd, OUT!
Batting: LHB Bill Hall 0-0: Fly out, F9 (Flyball, 89M)
Bottom of the 12th over - 0 run(s), 1 hit(s), 0 error(s), 1 left on base; Portland 8 - Utica 8
TOP OF THE 13TH
Portland Privateers batting - Pitching for Utica Unicorns : RHP Pedro Hernández
Batting: RHB Dave Nelson 0-0: Ball
1-0: Ball
2-0: Foul Ball, location: 2F
2-1: Ball
3-1: Foul Ball, location: 2F
3-2: DOUBLE (Groundball, 5L)
Batting: LHB Arturo López 0-0: Called Strike
0-1: Called Strike
0-2: Fly out, F7 (Flyball, 7LMF)
Batting: RHB Joe Bailey 0-0: Swinging Strike
0-1: Fly out, F8 (Flyball, 8RM)
Batting: RHB José Balina 0-0: Called Strike
0-1: Ball
1-1: Ball
2-1: Reaches on Catchers interference
Batting: SHB Eric Pimentel 0-0: Ball
1-0: Called Strike
1-1: SINGLE (Groundball, 56D)
Dave Nelson to third
José Balina to second
Runner from 3rd tries for Home, SAFE, no throw
Pitching: LHP Javier Luna
Batting: LHB Jeff Dorney 0-0: Swinging Strike
0-1: Called Strike
0-2: Ball
1-2: Strikes out swinging
Top of the 13th over - 1 run(s), 2 hit(s), 1 error(s), 2 left on base; Portland 9 - Utica 8
BOTTOM OF THE 13TH
Utica Unicorns batting - Pitching for Portland Privateers : RHP Ricardo Ontiveros
Pitching: LHP Mike Campbell
Batting: RHB Héctor Jiménez 0-0: Ball
1-0: Fly out, F9 (Line Drive, 9S)
Batting: RHB Gustavo Rodríguez 0-0: Ball
1-0: Ball
2-0: Ball
3-0: Base on Balls
Batting: RHB Manny Ramírez 0-0: Called Strike
0-1: Ball
1-1: Ball
Wild Pitch!
Gustavo Rodríguez to second
2-1: Ball
3-1: Base on Balls
Batting: LHB Raúl Morales 0-0: Foul Ball, location: 2F
0-1: Swinging Strike
0-2: Strikes out looking
Batting: RHB Gerald Burnett 0-0: Foul Ball, location: 2F
0-1: Ball
1-1: Ball
2-1: Ball
3-1: Base on Balls
Gustavo Rodríguez to third
Manny Ramírez to second
Batting: LHB Pedro Zaragoza 0-0: Called Strike
0-1: Called Strike
0-2: Ball
1-2: Strikes out swinging
Bottom of the 13th over - 0 run(s), 0 hit(s), 0 error(s), 3 left on base; Portland 9 - Utica 8
Tuesday, August 8th, 2017 - OOTP Baseball 17.12 Build 75